 Dungeon Crawl Stone Soup version 0.28.0-43-g3370ac3207 (webtiles) character file.

Game seed: 806163316195200567

1950 pkoi the Martial Artist (level 8, -2/63 HPs)
             Began as a Demigod Gladiator on Mar 25, 2022.
             Succumbed to a water moccasin's poison
             ... on level 7 of the Dungeon.
             The game lasted 00:08:18 (11943 turns).

pkoi the Martial Artist (Demigod Gladiator)        Turns: 11943, Time: 00:08:19

Health: -2/63      AC:  5    Str: 15    XL:     8   Next: 66%
Magic:  11/11      EV: 13    Int: 24    God:
Gold:   379        SH:  0    Dex: 15    Spells: 5/8 levels left

rFire   . . .      SeeInvis .     - Unarmed
rCold   . . .      Faith    .   (no shield)
rNeg    . . .      Spirit   .   a - +0 leather armour
rPois   .          Reflect  .   b - +0 helmet
rElec   .          Harm     .   (no cloak)
rCorr   .          Rampage  .   A - +0 pair of gloves
Will    .....                   (no boots)
Stlth   +.........              m - amulet of the acrobat
HPRegen 0.20/turn               t - +6 ring of intelligence
MPRegen 0.12/turn               (no ring)

@: lethally poisoned (-2 -> -18), attractive
A: high MP 1, forlorn, divine attributes
a: no special abilities


You were on level 7 of the Dungeon.
You visited 1 branch of the dungeon, and saw 7 of its levels.

You collected 379 gold pieces.

Inventory:

Hand Weapons
 f - a +3 short sword of speed
 l - a +0 dagger
 w - a +4 spear
 y - a +5 mace
Missiles
 c - 3 throwing nets (quivered)
 d - 8 poisoned darts
Armour
 a - a +0 leather armour (worn)
 b - a +0 helmet (worn)
 i - +0 ice dragon scales
 A - a +0 pair of gloves (worn)
Magical Staves
 q - a staff of conjuration
Jewellery
 m - an amulet of the acrobat (around neck)
 t - a +6 ring of intelligence (left hand)
Wands
 g - a wand of paralysis (3)
 k - a wand of acid (6)
Scrolls
 e - 2 scrolls of fog
 h - a scroll of brand weapon {unknown}
 j - 5 scrolls of identify
 o - a scroll of torment {unknown}
 p - 3 scrolls of teleportation
 r - a scroll of enchant weapon
 s - a scroll of fear
Potions
 n - a potion of cancellation
 x - a potion of mutation {unknown}
 z - a potion of flight {unknown}


   Skills:
 + Level 3.5 Fighting
 - Level 1.7 Throwing
 + Level 2.9 Armour
 + Level 4.1 Dodging
 * Level 9.4 Unarmed Combat
 + Level 0.6 Spellcasting
 + Level 0.7 Transmutations
 + Level 0.7 Poison Magic


You had 5 spell levels left.
You knew the following spells:

 Your Spells              Type           Power      Damage    Failure   Level
a - Spider Form           Tmut/Pois      4%         N/A       36%         3

Your spell library contained the following spells:

 Spells                   Type           Power      Damage    Failure   Level
 Animate Skeleton         Necr           0%         N/A       17%         1
 Pain                     Necr           0%         1d4       17%         1
 Vampiric Draining        Necr           0%         2d6       45%         3
 Irradiate                Conj/Tmut      1%         3d13      99%         5
 Iskenderun's Battlesphe  Conj           0%         2d6       99%         5


Dungeon Overview and Level Annotations

Branches:
Dungeon (7/15)             Temple (0/1) D:5

Annotations:
D:3 1 runed translucent door, Crazy Yiuf


Innate Abilities, Weirdness & Mutations

You have an increased reservoir of magic. (+10% MP)
You shall have no god before yourself.
Your divine heritage dramatically boosts your attributes as you level up.


Message History

You feel sick.
The water moccasin bites you but does no damage.
You closely miss the water moccasin. Your punch misses the water moccasin.
The water moccasin is heavily wounded.
You feel sick. The water moccasin bites you!
* * * LOW HITPOINT WARNING * * *
You are more poisoned.
The water moccasin poisons you!
You hit the water moccasin.
The water moccasin is severely wounded.
* * * LOW HITPOINT WARNING * * *
You feel very sick. The water moccasin bites you.
* * * LOW HITPOINT WARNING * * *
You miss the water moccasin.
The water moccasin is severely wounded.
* * * LOW HITPOINT WARNING * * *
You feel sick. The water moccasin bites you.
* * * LOW HITPOINT WARNING * * *
You are more poisoned.
The water moccasin poisons you!
You feel much better.
You feel very sick.
The water moccasin bites you but does no damage.
The water moccasin bites you!
* * * LOW HITPOINT WARNING * * *
You are more poisoned.
The water moccasin poisons you!
You punch the water moccasin!
You kill the water moccasin!
* * * LOW HITPOINT WARNING * * *
You feel extremely sick.
* * * LOW HITPOINT WARNING * * *
You feel very sick.
* * * LOW HITPOINT WARNING * * *
You feel very sick.
Unknown command.
It was a potion of attraction.
You feel attractive to monsters.
You die...

................(####.......
.................##.........
##...............#..#......K
#.#..............#.##.......
. #.................####..##
#.................##......
#...........#...[.........
.###...........###..#.....#
#.#.......@..### ##.......#
#..........[.#######.......
###.......<..#.............
#........[.....)..#......
#..........#......#......
###.................#...###
.............#......#.)..##
###..........#......##...##
#..........#......# ...##


There were no monsters in sight!

Vanquished Creatures
  4 water moccasins
  2 ogres (D:4)
  2 centaurs
  A kobold brigand (D:6)
  A bullfrog (D:3)
  A wyvern zombie (D:7)
  3 scorpions
  8 wights
  An orc priest (D:4)
  A gnoll shaman (D:5)
  3 hounds (D:5)
  3 iguanas (D:4)
  A killer bee zombie (D:3)
  Robin (D:2)
  7 gnolls
  5 adders
  2 shadow imps (D:6)
  A white imp (D:5)
  An ufetubus (D:6)
  2 adder skeletons
  2 worms (D:2)
  5 orcs
  6 ball pythons
  7 bats
  8 endoplasms
  A giant cockroach (D:2)
  13 goblins
  9 hobgoblins
  9 jackals (D:2)
  10 kobolds
  4 quokkas (D:1)
  6 frilled lizards
  3 rats
133 creatures vanquished.

Vanquished Creatures (others)
  A quokka (D:5)
  A fungus (D:3)
2 creatures vanquished.

Grand Total: 135 creatures vanquished

Notes
Turn   | Place    | Note
-------+----------+-------------------------------------------
     0 | D:1      | pkoi the Demigod Gladiator began the quest for the Orb.
     0 | D:1      | Reached XP level 1. HP: 17/17 MP: 3/3
    52 | D:1      | Reached skill level 3 in Unarmed Combat
   245 | D:1      | Reached XP level 2. HP: 24/24 MP: 4/4
   765 | D:1      | Reached XP level 3. HP: 10/29 MP: 5/5
  1332 | D:2      | Reached skill level 4 in Unarmed Combat
  1909 | D:2      | Reached XP level 4. HP: 24/36 MP: 6/6
  2091 | D:2      | Noticed Robin
  2113 | D:2      | Killed Robin
  2135 | D:2      | Reached skill level 5 in Unarmed Combat
  2793 | D:3      | Noticed a bullfrog
  2810 | D:3      | Killed a bullfrog
  2811 | D:3      | Reached XP level 5. HP: 18/41 MP: 7/7
  3087 | D:3      | Reached skill level 6 in Unarmed Combat
  3642 | D:3      | Found a runed translucent door.
  3643 | D:3      | Noticed Crazy Yiuf
  4172 | D:4      | Noticed an ogre
  4186 | D:4      | Killed an ogre
  4187 | D:4      | Reached XP level 6. HP: 48/48 MP: 8/8
  4966 | D:4      | Reached skill level 7 in Unarmed Combat
  5595 | D:4      | Got the Handbook of Venom and Battle Magic
  6131 | D:5      | Entered Level 5 of the Dungeon
  6241 | D:5      | Reached XP level 7. HP: 23/53 MP: 9/9
  6633 | D:5      | Found a staircase to the Ecumenical Temple.
  6690 | D:5      | Reached skill level 8 in Unarmed Combat
  7966 | D:6      | Reached skill level 1 in Armour
  9552 | D:6      | Reached XP level 8. HP: 52/62 MP: 10/10
 10065 | D:7      | Reached skill level 9 in Unarmed Combat
 10792 | D:7      | Noticed a purple ugly thing
 11456 | D:6      | Learned a level 3 spell: Spider Form
 11942 | D:7      | HP: 1/63 [poisoned by a water moccasin]
 11943 | D:7      | Succumbed to a water moccasin's poison

Illustrated notes

Levels and vault maps discovered:
D:1:      dpeg_arrival_rooms_c, layout_loops_ring
D:2:      layout_basic, minmay_fractal_squares_gapless_5, uniq_robin
D:3:      layout_loops_corners, mainiacjoe_overflow_tiny_flanked,
          nicolae_ru_sacrificial_ziggurat,
          shapermc_ecumenical_altar_mp_urbaneastern, grunt_ministairs_2,
          grunt_decor_clamped, uniq_crazy_yiuf_cottage
D:4:      layout_loops_ring, chequers_temple_overflow_statue_of_worship
D:5:      layout_loops_ring, elyvilon_altar_4, mainiacjoe_overflow_alcove_2,
          minmay_temple_entry_sparse_star
D:6:      layout_basic
D:7:      layout_rooms, hangedman_decor_growths, hex_intersection,
          grunt_ministairs_13, minmay_manual_monstrance

Skill      XL: |  1  2  3  4  5  6  7  8 |
---------------+-------------------------+-----
Unarmed Combat | 3 4 5 6 7 8 9 |  9.4
Fighting       | 2 3 |  3.5
Armour         | 1 2 |  2.9
Dodging        | 3 4 |  4.1
Throwing       | |  1.7
Spellcasting   | |  0.6
Transmutations | |  0.7
Poison Magic   | |  0.7

Action                   |  1- 3 |  4- 6 |  7- 9 || total
-------------------------+-------+-------+-------++-------
Melee: Short sword       |   140 |   246 |       ||   386
       Unarmed           |     5 |     3 |   223 ||   231
       Punch             |     5 |    11 |    14 ||    30
Evoke: Wand              |       |     3 |       ||     3
  Use: Scroll            |     2 |     5 |       ||     7
       Potion            |     1 |    10 |     2 ||    13
 Stab: Sleeping          |       |     3 |     1 ||     4
       Paralysed         |       |     5 |       ||     5
Armor: Leather armour    |    30 |    57 |    35 ||   122
       Skin              |       |     4 |       ||     4
Dodge: Dodged            |    83 |   113 |   151 ||   347
